 Dungeon Crawl Stone Soup version 0.30.0-3-ga4e48a9924 (webtiles) character file.

Game seed: 13946844979388607892

401 browni3141 the Ruffian (level 6, -5/45 HPs)
             Began as a Ghoul Conjurer on May 7, 2023.
             Was a Follower of Hepliaklqana.
             Slain by a gnoll
             ... wielding a +0 halberd
             ... led by a gnoll bouda
              (7 damage)
             ... on level 4 of the Dungeon.
             The game lasted 00:05:28 (3202 turns).

browni3141 the Ruffian (Ghoul Conjurer)             Turns: 3202, Time: 00:05:29

Health: -5/45      AC:  2    Str: 13    XL:     6   Next: 85%
Magic:  1/8        EV: 11    Int: 13    God:    Hepliaklqana [*.....]
Gold:   46         SH:  0    Dex:  7    Spells: 6/9 levels left

rFire   . .          .
                       - Unarmed
rCold   + . .        (no shield)
rNeg    + + +        a - +0 robe
rPois   ∞            (no helmet)
rElec   .            (no cloak)
rCorr   .            (no gloves)
SInv    .            (no boots)
Will    .....        (no amulet)
Stlth   ++           (no ring)
HPRegen 0.00/turn    (no ring)
MPRegen 0.11/turn

%: no passive effects
@: inhibited regen
A: reduced essence, claws 1, cold resistance 1, negative energy resistance 3,
inhibited regeneration, torment resistance 2, devour on kill
a: Renounce Religion, Recall Ancestor, Ancestor Identity


You were on level 4 of the Dungeon.
You worshipped Hepliaklqana.
Hepliaklqana was aware of your devotion.
You visited 1 branch of the dungeon, and saw 4 of its levels.

You collected 157 gold pieces.
You spent 111 gold pieces at shops.

Inventory:

Missiles
 J - 17 poisoned darts
 O - 5 silver javelins
Armour
 a - a +0 robe (worn)
 V - a +0 pair of gloves
Wands
 p - a wand of polymorph (4)
 P - a wand of paralysis (7)
Scrolls
 n - 4 scrolls of fog {unknown}
 G - a scroll of poison {unknown}
 H - a scroll of silence {unknown}
 I - 2 scrolls of magic mapping {unknown}
 M - 2 scrolls of enchant armour {unknown}
 R - 2 scrolls of teleportation
 S - 2 scrolls of identify {unknown}
 X - 2 scrolls of enchant weapon {unknown}
 Y - 3 scrolls of fear {unknown}
 Z - 2 scrolls of blinking {unknown}
Potions
 m - a potion of magic
 K - a potion of flight {unknown}
 L - 2 potions of lignification
 N - 2 potions of brilliance {unknown}
 Q - a potion of attraction {unknown}
 T - a potion of curing {unknown}
 U - 3 potions of degeneration {unknown}
 W - a potion of might {unknown}


   Skills:
 * Level 3.0 Fighting
 - Level 2.0 Throwing
 - Level 1.7 Dodging
 - Level 2.1 Stealth
 * Level 5.8 Unarmed Combat
 - Level 2.0 Spellcasting
 - Level 3.2 Conjurations


You had 6 spell levels left.
You knew the following spells:

 Your Spells              Type           Power      Damage    Failure   Level
a - Magic Dart            Conj           36%        1d4       7%          1
r - Searing Ray           Conj           18%        2d5       10%         2

Your spell library contained the following spells:

 Spells                   Type           Power      Damage    Failure   Level
 Dazzling Flash           Conj/Hex       10%        N/A       36%         3
 Frozen Ramparts          Ice            2%         1d1       58%         3
 Fulminant Prism          Conj/Hex       2%         3d5       78%         4
 Iskenderun's Mystic Bla  Conj/Tloc      5%         2d3       78%         4
 Summon Ice Beast         Ice/Summ       1%         N/A       94%         4
 Ice Form                 Ice/Tmut       Unusable   N/A       N/A         4

Dungeon Overview and Level Annotations

Branches:
Dungeon (4/15)
 Temple: D:4-7

Altars:
Hepliaklqana
Kikubaaqudgha

Shops:
D:1 [   D:2 *   D:3 *

Annotations:
D:2 Sigmund


Innate Abilities, Weirdness & Mutations

Your life essence is reduced to manifest your ancestor. (-10% HP)
You are immune to poison.
You have sharp fingernails.
Your flesh is cold resistant. (rC+)
You are immune to negative energy. (rN+++)
You do not regenerate when monsters are visible.
You are immune to unholy pain and torment.
You thrive by killing the living.


Message History

The scorpion stings you.
The searing ray hits the scorpion.
You kill the scorpion!
You feel better.
You finish channelling your searing ray.
Things that are here:
a scorpion corpse; a hound corpse Magic restored.
HP restored.
X - 2 scrolls labelled MOFFYD QETUDWI (gained 1) Key pressed, stopping explore.
Found a stone staircase leading up.
You now have 46 gold pieces (gained 10).
Found an escape hatch in the floor.
Hepliaklqana forms a fragment of your life essence into the memory of your ancestor, Xolani!
You can now recall your ancestor.
You can now remember your ancestor's identity.
An orc comes into view.
It is wielding a +0 war axe. 2 gnolls and a kobold come into view.
The gnoll shouts!
The orc shouts!
A gnoll bouda comes into view. It is wielding a +0 club.
The gnoll bouda shouts!
The kobold shouts!
You scratch the orc.
The orc is heavily wounded.
The orc hits you with a +0 war axe!
You claw the orc!
You kill the orc!
The gnoll hits you from afar with a +0 spear.
Casting: Searing Ray (safe; 10% risk of failure)
Confirm with . or Enter, or press ? or * to list all spells.
Aiming: Searing Ray (safe; 10% risk of failure)
Press: ? - help, Shift-Dir - straight line, f - gnoll
Aim: a gnoll, wielding a +0 spear (ally target, 79% to hit)
Okay, then.
You swap places.
Casting: Searing Ray (safe; 10% risk of failure)
Confirm with . or Enter, or press ? or * to list all spells.
Aiming: Searing Ray (safe; 10% risk of failure)
Press: ? - help, Shift-Dir - straight line, f - gnoll
Aim: a gnoll, wielding a +0 spear (79% to hit)
Xolani avoids your attack.
The searing ray hits the gnoll!
The gnoll is severely wounded. (Press . to maintain the ray.)
You hear a shout!
The gnoll hits Xolani but does no damage.
Xolani avoids your attack.
The searing ray hits the gnoll!
You kill the gnoll!
A gnoll comes into view. It is wielding a +0 halberd.
Xolani avoids your attack.
The searing ray misses the gnoll.
The gnoll hits Xolani with a +0 halberd!
Xolani avoids your attack.
The searing ray misses the gnoll.
You finish channelling your searing ray.
Xolani hits the gnoll!
Something closely misses Xolani.
The gnoll hits Xolani with a +0 halberd!
Xolani is destroyed!
You claw the gnoll!
You kill the gnoll!
Your Fighting skill increases to level 3!
Casting: Searing Ray (safe; 10% risk of failure)
Confirm with . or Enter, or press ? or * to list all spells.
Aiming: Searing Ray (safe; 10% risk of failure)
Press: ? - help, Shift-Dir - straight line, f - gnoll
Aim: a gnoll, wielding a +0 halberd (79% to hit)
The searing ray hits the gnoll bouda.
The gnoll bouda is lightly wounded.
The searing ray hits the gnoll.
The gnoll is moderately wounded. (Press . to maintain the ray.)
The searing ray hits the gnoll bouda!
The gnoll bouda is heavily wounded.
The searing ray hits the gnoll.
The gnoll is heavily wounded.
The gnoll bouda closely misses you. The gnoll closely misses you.
Without enough magic to sustain it, your searing ray dissipates.
The gnoll bouda closely misses you. The gnoll completely misses you.
You scratch the gnoll bouda.
The gnoll bouda is heavily wounded.
The gnoll bouda hits you with a +0 club!
The gnoll closely misses you.
You closely miss the gnoll bouda.
The gnoll bouda is heavily wounded.
The gnoll bouda barks out a call to the hunt!
The gnoll picks up the pace!
The gnoll hits you from afar with a +0 halberd!
* * * LOW HITPOINT WARNING * * *
Aiming: Paralyse
Press: ? - help, Shift-Dir - straight line, f - gnoll bouda, p - gnoll
Aim: a gnoll bouda, wielding a +0 club and wearing a +0 robe (heavily wounded, chance to affect: 49%)
The gnoll bouda resists with some effort.
The gnoll bouda misses you. The gnoll barely misses you.
Aiming: Paralyse
Press: ? - help, Shift-Dir - straight line, f/p - gnoll bouda
Aim: a gnoll bouda, wielding a +0 club and wearing a +0 robe (heavily wounded, chance to affect: 49%)
The gnoll bouda resists with some effort.
The gnoll bouda hits you with a +0 club!
* * * LOW HITPOINT WARNING * * *
The gnoll barely misses you.
It was a potion of lignification.
You feel woody for a moment.
The gnoll hits you from afar with a +0 halberd!
You die...

.###.#.## #.... #
........# #.... #. ..#
#..######.... ... #.#
#............ ..Kg###.##
##.######(...
.....)..<#.##.# #....
..g...Kg......# #....
#g#####.# ####. #@# #.#
#† #.# ##.# #.
...####.####..# #.
..........##..# ##.
..............########..
#.##..#.#.............<#
#.###.###.#########..
#.# ## #.# #..<.† ## #.#
#.####


You could see a gnoll bouda, a gnoll (swift) and a kobold.

Vanquished Creatures
  A scorpion (D:4)
  3 hounds
  An orc priest (D:3)
  Jessica (D:2)
  An orc wizard (D:3)
  Ijyb (D:3)
  2 gnolls (D:4)
  6 adders
  3 worms
  7 orcs
  9 ball pythons
  6 bats
  4 endoplasms
  4 giant cockroaches
  7 goblins
  A hobgoblin (D:1)
  3 jackals (D:2)
  3 kobolds
  2 quokkas
  2 frilled lizards
  7 rats
74 creatures vanquished.

Vanquished Creatures (others)
  An ancestor (D:4)
  6 plants (D:3)
  9 withered plants (D:3)
16 creatures vanquished.

Grand Total: 90 creatures vanquished

Notes
Turn   | Place    | Note
-------+----------+-------------------------------------------
     0 | D:1      | browni3141 the Ghoul Conjurer began the quest for the Orb.
     0 | D:1      | Reached XP level 1. HP: 14/14 MP: 2/2
   138 | D:1      | Found Myir's Armour Boutique.
   218 | D:1      | Reached skill level 1 in Unarmed Combat
   218 | D:1      | Reached XP level 2. HP: 23/23 MP: 3/3
   355 | D:1      | Reached skill level 2 in Unarmed Combat
   924 | D:2      | Reached XP level 3. HP: 20/28 MP: 4/4
   927 | D:2      | Learned a level 2 spell: Searing Ray
  1153 | D:2      | Noticed Sigmund
  1263 | D:2      | Found a hazy altar of Hepliaklqana.
  1313 | D:2      | Became a worshipper of Hepliaklqana the Forgotten
  1399 | D:2      | Reached skill level 3 in Unarmed Combat
  1399 | D:2      | Reached XP level 4. HP: 19/35 MP: 0/5
  1490 | D:2      | Noticed Jessica
  1500 | D:2      | Killed Jessica
  1680 | D:2      | Found Juagg's General Store.
  1683 | D:2      | Bought a scroll of teleportation for 33 gold pieces
  1770 | D:3      | Reached skill level 4 in Unarmed Combat
  1770 | D:3      | Reached XP level 5. HP: 37/40 MP: 3/6
  1963 | D:3      | Found an ancient bone altar of Kikubaaqudgha.
  2059 | D:3      | Found Buak's Assorted Antiques.
  2066 | D:3      | Reached skill level 5 in Unarmed Combat
  2083 | D:3      | Bought a scroll labelled DUTORE XIAZOTO for 27 gold pieces
  2083 | D:3      | Bought a scroll labelled DUTORE XIAZOTO for 27 gold pieces
  2083 | D:3      | Bought a fuming sapphire potion for 24 gold pieces
  2216 | D:3      | Found a faded altar of an unknown god.
  2523 | D:3      | Reached XP level 6. HP: 47/47 MP: 7/7
  2886 | D:3      | Noticed Ijyb
  2895 | D:3      | Killed Ijyb
  3184 | D:4      | Reached * piety under Hepliaklqana
  3195 | D:4      | Reached skill level 3 in Fighting
  3201 | D:4      | HP: 2/45 [gnoll bouda/+0 club (7)]
  3202 | D:4      | Slain by a gnoll

Illustrated notes

Levels and vault maps discovered:
D:1:      saegor_arrival_simple_a, layout_loops_ring, serial_shops, shop
D:2:      layout_rooms, serial_shops, nicolae_shop_tiny_real_fake_doors,
          basic_altar, uniq_jessica, uniq_sigmund
D:3:      layout_basic, mainiacjoe_overflow_surrounded_room, elyvilon_altar_3,
          serial_shops, nicolae_shop_competitors_out_of_business,
          shapermc_ecumenical_altar_flowoftime, chequers_serial_rivers_marsh,
          uniq_ijyb
D:4:      layout_loops_ring, cheibrodos_ashenzari_chains

Skill      XL: |  1  2  3  4  5  6 |
---------------+-------------------+-----
Fighting       | 1 3 |  3.0
Unarmed Combat | 1 2 3 4 5 |  5.8
Throwing       | 1 2 |  2.0
Spellcasting   | 2 |  2.0
Dodging        | |  1.7
Stealth        | |  2.1
Conjurations   | |  3.2

Action                     |  1- 3 |  4- 6 || total
---------------------------+-------+-------++-------
  Melee: Unarmed           |   117 |   114 ||   231
         Punch             |       |     2 ||     2
   Cast: Magic Dart        |    12 |     9 ||    21
         Searing Ray       |     3 |     7 ||    10
  Evoke: Wand              |       |     2 ||     2
    Use: Potion            |       |     1 ||     1
   Stab: Sleeping          |     2 |     1 ||     3
 Armour: Robe              |    28 |    16 ||    44
  Dodge: Dodged            |    78 |    65 ||   143
